 Seeded DCSS version 0.28-a0-823-gb444dcf96d (webtiles) character file.

Game seed: 20211110 (custom seed)

81 a11behringer the Covered (level 4, -8/28 HPs)
             Began as a Gargoyle Fighter on Nov 10, 2021.
             Mangled by an ogre (13 damage)
             ... on level 4 of the Dungeon.
             The game lasted 00:10:58 (2495 turns).

a11behringer the Covered (Gargoyle Fighter)         Turns: 2495, Time: 00:10:59

Health: -8/28      AC: 12    Str: 19    XL:     4   Next: 40%
Magic:  4/4        EV:  9    Int:  9    God:
Gold:   100        SH:  4    Dex: 10    Spells: 3/3 levels left

rFire   + + .      SeeInvis .   a - +0 flail
rCold   x . .      Faith    .   c - +0 buckler
rNeg    + . .      Spirit   .   g - +0 fire dragon scales
rPois   ∞          Reflect  .   (no helmet)
rElec   +          Harm     .   (no cloak)
rCorr   .          Rampage  .   (no gloves)
Will    .....                   (no boots)
Stlth   ..........              (no amulet)
HPRegen 0.09/turn               (no ring)
MPRegen 0.09/turn               (no ring)

@: mighty
A: sickness immunity, AC +3, negative energy resistance 1, electricity
resistance, torment resistance 1, petrification resistance
a: no special abilities


You were on level 4 of the Dungeon.
You visited 1 branch of the dungeon, and saw 4 of its levels.

You collected 100 gold pieces.

Inventory:

Hand Weapons
 a - a +0 flail (weapon)
Armour
 b - a +1 scale mail
 c - a +0 buckler (worn)
 g - +0 fire dragon scales (worn)
 m - a +0 chain mail
Magical Staves
 e - a staff of earth
Scrolls
 j - a scroll of teleportation
 l - 2 scrolls of identify
 n - a scroll of enchant armour
Potions
 f - a potion of attraction
 h - a potion of flight {unknown}
 i - a potion of resistance {unknown}
 k - a potion of ambrosia {unknown}


   Skills:
 + Level 3.6 Fighting
 * Level 3.5 Maces & Flails
 + Level 3.8 Armour
 - Level 0.2 Dodging
 + Level 3.6 Shields


You had 3 spell levels left.
You didn't know any spells.
Your spell library contained the following spells:

 Spells                   Type           Power      Damage    Failure   Level
 Gell's Gravitas          Tloc           0%         N/A       99%         3
 Lesser Beckoning         Tloc           0%         N/A       99%         3
 Teleport Other           Tloc           0%         N/A       99%         3


Dungeon Overview and Level Annotations

Branches:
Dungeon (4/15)
 Temple: D:4-7

Altars:

Shops:
D:2 [   D:3 *


Innate Abilities, Weirdness & Mutations

You are immune to sickness and miasma.
Your stone body is resilient. (AC +3)
You are immune to poison.
You resist negative energy. (rN+)
You are resistant to electric shocks. (rElec)
You are resistant to unholy torment.
You are immune to petrification.


Message History

As you open the door, it creaks loudly!
There is an open door here.
You open the door.
There is an open door here.
Found a stone staircase leading down.
There is a stone staircase leading down here.
A rat comes into view.
A rat is nearby!
Found a scroll of enchant armour.
The rat bites you but does no damage.
You barely miss the rat. The rat bites you but does no damage.
You barely miss the rat. The rat barely misses you.
You thump the rat!
You kill the rat!
n - a scroll of enchant armour A frilled lizard comes into view.
The frilled lizard hisses angrily.
A frilled lizard is nearby!
You hit the frilled lizard.
You kill the frilled lizard!
Done exploring.
Done exploring.
You open the door.
There is an open door here.
There is an open door here.
There is a stone staircase leading down here.
You climb downwards.
There is a stone staircase leading up here.
There is a stone staircase leading up here.
An ogre comes into view. It is wielding a +0 giant club.
You feel very mighty all of a sudden.
The ogre hits you with a +0 giant club!!
Ouch! That really hurt!
* * * LOW HITPOINT WARNING * * *
You sock the ogre!
The ogre is moderately wounded.
The ogre hits you but does no damage.
You barely miss the ogre.
The ogre is moderately wounded.
The ogre hits you with a +0 giant club!
You die...

######
#.... #...
#.. #O#+#
###@#.###
#....<..#
#.#.###.#
##.#...#.#
#......#.#
########.#
..# ###


You could see an ogre.

Vanquished Creatures
  3 adders
  A worm (D:3)
  4 dart slugs
  7 bats
  2 endoplasms
  3 giant cockroaches
  A goblin (D:1)
  5 hobgoblins
  3 kobolds
  A quokka (D:2)
  4 ball pythons
  6 frilled lizards
  3 rats
43 creatures vanquished.

Notes
Turn   | Place    | Note
-------+----------+-------------------------------------------
     0 | D:1      | a11behringer the Gargoyle Fighter began the quest for the
                  | Orb.
     0 | D:1      | Reached XP level 1. HP: 14/14 MP: 1/1
   133 | D:1      | Reached XP level 2. HP: 17/19 MP: 2/2
   180 | D:1      | Found a faded altar of an unknown god.
   644 | D:1      | You fall into a shaft and drop 1 floor!
   678 | D:2      | Found Erufutt's Antique Armour Shoppe.
   724 | D:2      | Reached XP level 3. HP: 19/23 MP: 3/3
  1187 | D:2      | Reached XP level 4. HP: 28/28 MP: 4/4
  1854 | D:3      | Found Fuekhlaeq's General Store.
  2489 | D:4      | Noticed an ogre
  2495 | D:4      | Mangled by an ogre

Illustrated notes

Levels and vault maps discovered:
D:1:      saegor_arrival_miasma, layout_loops_corners, basic_ecumenical_altar,
          hangedman_decor_diamond_cutter, kennysheep_minor_cross
D:2:      layout_rooms, serial_shops, shop_fountains, kennysheep_nondescript,
          kennysheep_generic_room_4
D:3:      layout_basic, serial_shops, shop,
          hangedman_abyss_or_decor_lesser_grid, minmay_misc_feat_more_columns
D:4:      layout_basic, grunt_temple_overflow_open, minmay_temple_entry_trees,
          gammafunk_ghost_mausoleum, minmay_tree_intersection

Skill      XL: |  1  2  3 |
---------------+----------+-----
Maces & Flails | 3 |  3.5
Fighting       | |  3.6
Armour         | |  3.8
Dodging        | |  0.2
Shields        | |  3.6

Action                   |  1- 3 |  4- 6 || total
-------------------------+-------+-------++-------
Melee: Flail             |   118 |    48 ||   166
  Use: Scroll            |     4 |     1 ||     5
       Potion            |       |     1 ||     1
Armor: Scale mail        |   106 |       ||   106
       Fire dragon scale |       |    15 ||    15
Dodge: Dodged            |    78 |    21 ||    99
Block: Buckler           |    38 |    13 ||    51

Table legend: (Time is in decaauts)
 A = Elapsed time spent in this place.
 B = Non-inter-level travel time spent in this place.
 C = Inter-level travel time spent in this place.
 D = Time resting spent in this place.
 E = Time spent auto-exploring this place.
 F = Levels seen in this place.
 G = Mean time per level.
                   A        B        C        D        E       F      G
               +--------+--------+--------+--------+--------+-----+--------+
         Total |   2539 |   2176 |    363 |      0 |   1748 |   4 |  634.8 |
       Dungeon |   2539 |   2176 |    363 |      0 |   1748 |   4 |  634.8 |
               +--------+--------+--------+--------+--------+-----+--------+

Top non-repeatable levels by time:
     D:1: 1016 daAuts
     D:3: 788 daAuts
     D:2: 719 daAuts
     D:4: 16 daAuts
